 Dungeon Crawl Stone Soup version 0.19.0-24-gb05acd6 (webtiles) character file.

231 Gargo the Digger (level 6, -3/32 HPs)
             Began as a Gargoyle Earth Elementalist on Nov 21, 2016.
             Killed from afar by an orc wizard (10 damage)
             ... with a puff of flame
             ... on level 4 of the Dungeon.
             The game lasted 00:16:22 (4016 turns).

Gargo the Digger (Gargoyle Earth Elementalist)      Turns: 4016, Time: 00:16:23

Health: -3/32      AC:  8    Str: 12    XL:     6   Next: 3%
Magic:  7/12       EV: 12    Int: 17    God:
Gold:   127        SH:  0    Dex: 10    Spells: 2 memorised, 10 levels left

rFire  . . .     SeeInvis .     u - -2 falchion (curse)
rCold  . . .     Gourm    .     c - +1 robe
rNeg   + . .     Faith    .     (no shield)
rPois  ∞         Spirit   .     h - +0 helmet
rElec  +         Reflect  .     (no cloak)
rCorr  .         Harm     .     (no gloves)
MR     .....                    (no boots)
Stlth  ++........               (no amulet)
                                (no ring)
                                (no ring)

@: no status effects
A: negative energy resistance 1, electricity resistance, unbreathing,
petrification resistance, rot immunity, AC +4
a: no special abilities


You were on level 4 of the Dungeon.
You were not hungry.

You visited 1 branch of the dungeon, and saw 4 of its levels.

You collected 127 gold pieces.

Inventory:

Hand Weapons
 a - a +2 dagger of draining
 l - a +0 whip
 q - a +0 dagger
 r - a +0 club
 u - a cursed -2 falchion (weapon)
Missiles
 b - 102 stones (quivered)
 j - 9 poisoned needles
Armour
 c - a +1 robe (worn)
 f - a +0 helmet
 g - a +3 leather armour
 h - a +0 helmet (worn)
Scrolls
 k - 2 scrolls of identify
 m - a scroll of amnesia
Potions
 n - a potion of curing
 s - a potion of mutation {unknown}
 t - a potion of flight {unknown}
Books
 e - a book of Geomancy

   Spells                             Type                      Level
   a - Sandblast                      Earth                        1
   b - Passwall                       Transmutation/Earth          2
   c - Stone Arrow                    Conjuration/Earth            3
   d - Petrify                        Transmutation/Earth          4
   e - Lee's Rapid Deconstruction     Earth                        5
Comestibles
 d - 2 bread rations
 o - 2 meat rations


   Skills:
 - Level 1.5 Dodging
 - Level 2.1 Stealth
 * Level 4.6 Spellcasting
 + Level 2.4 Conjurations
   Level 0.7 Transmutations
 + Level 4.6 Earth Magic


You had 10 spell levels left.
You knew the following spells:

 Your Spells              Type           Power        Failure   Level  Hunger
a - Sandblast             Erth           ###...       2%          1    None
A - Stone Arrow           Conj/Erth      ###...       12%         3    ###....


Dungeon Overview and Level Annotations

Branches:
Dungeon (4/15)
 Temple: D:4-7

Altars:


Innate Abilities, Weirdness & Mutations

You are resistant to torment.
Your stone body is resilient. (AC +4)
You are immune to poison.
You resist negative energy. (rN+)
You are resistant to electric shocks. (rElec)
You can survive without breathing.
You are immune to petrification.
You are immune to rotting.


Message History

The blast of sand misses the orc wizard.
The orc wizard hits you but does no damage. x2
A worker ant and an orc come into view.
The worker ant twitches its antennae in your direction.
The orc wizard hits you but does no damage.
The orc shouts!
The orc priest calls upon Beogh to heal the orc wizard.
The orc wizard's wounds heal themselves!
The orc wizard hits you but does no damage.
The orc barely misses you.
You hear the rusting of a very distant drain.
The orc priest mumbles some strange prayers to Beogh against you.
Beogh smites you!
The orc wizard points at you and mumbles some strange words.
The puff of frost hits you!
The orc hits you from afar with a trident.
* * * LOW HITPOINT WARNING * * *
The orc wizard casts a spell at you. The puff of flame hits you!
You die...

#....................
#....)...............
#.....>o?............
####.................
#...a.............
#O................
#ooo..............
#.................
#@................
#.................
#)..............<.
#.................
#.................
##................
#................
#...<............
#......##...#####


You could see an ogre, a worker ant, an orc priest, an orc wizard and 2 orcs.

Vanquished Creatures
  A hound (D:4)
  An orc priest (D:3)
  An iguana (D:4)
  Terence (D:2)
  A gnoll (D:1)
  3 adders
  An ooze (D:1)
  2 dart slugs
  The ghost of dscm the Digger, a weakling OpEE (D:4)
  4 leopard geckos
  9 orcs
  5 bats
  5 giant cockroaches
  6 hobgoblins
  5 kobolds
  A quokka (D:2)
  2 ball pythons
  3 frilled lizards
  5 goblins
  5 rats
62 creatures vanquished.

Notes
Turn   | Place    | Note
-------+----------+-------------------------------------------
     0 | D:1      | Gargo the Gargoyle Earth Elementalist began the quest for the Orb.
     0 | D:1      | Reached XP level 1. HP: 10/10 MP: 3/3
   669 | D:1      | Reached XP level 2. HP: 13/15 MP: 0/5
  1152 | D:2      | Reached XP level 3. HP: 19/19 MP: 1/7
  1157 | D:2      | Learned a level 3 spell: Stone Arrow
  2177 | D:2      | Reached XP level 4. HP: 23/24 MP: 1/9
  2263 | D:3      | Reached skill level 1 in Conjurations
  2406 | D:2      | Noticed Terence
  2908 | D:2      | Reached XP level 5. HP: 2/28 MP: 2/11
  3340 | D:2      | Killed Terence
  3737 | D:4      | Noticed dscm's ghost (weakling OpEE)
  3739 | D:4      | Reached XP level 6. HP: 9/32 MP: 0/12
  3985 | D:4      | Killed dscm's ghost
  4016 | D:4      | Killed from afar by an orc wizard

Skill      XL: |  1  2  3  4  5 |
---------------+----------------+-----
Spellcasting   | 3 4 |  4.6
Conjurations   | 1 2 |  2.4
Earth Magic    | 4 |  4.6
Dodging        | |  1.5
Stealth        | |  2.1
Transmutations | |  0.7

Action                   |  1- 3 |  4- 6 || total
-------------------------+-------+-------++-------
Melee: Club              |    39 |     2 ||    41
       Unarmed           |     8 |       ||     8
       Falchion          |       |    23 ||    23
 Cast: Sandblast         |    66 |    78 ||   144
       Stone Arrow       |       |     5 ||     5
  Use: Scroll            |       |     6 ||     6
 Stab: Sleeping          |     1 |     2 ||     3
  Eat: Chunk             |     3 |     7 ||    10
Armor: Robe              |    31 |    33 ||    64
Dodge: Dodged            |    72 |    50 ||   122
       Rpst.: Falchion   |       |    13 ||    13
